 Dungeon Crawl Stone Soup version 0.31-a0-700-gf13585253f (webtiles) character file.

Game seed: 4132143271323939150

29250 qw the Marksgargoyle (level 13, -6/84 HPs)
             Began as a Gargoyle Hunter on Sept 7, 2023.
             Was an Elder of Okawaru.
             Mangled by a hell rat (9 damage)
             ... on level 4 of the Lair of Beasts.
             The game lasted 00:08:26 (13818 turns).

qw the Marksgargoyle (Gargoyle Hunter)             Turns: 13818, Time: 00:08:27

Health: -6/84      AC: 23    Str: 12 (15) XL:     13   Next: 44%
Magic:  19/20      EV: 20    Int: 10 (11) God:    Okawaru [****..]
Gold:   486        SH:  0    Dex: 21 (24) Spells: 12/12 levels left

rFire   + . .        Y - +1 orcbow
rCold   + . .        (shield currently unavailable)
rNeg    + . .        n - +3 leather armour {rF+}
rPois   inf          (no helmet)
rElec   +            q - scarf "Qonoewed" {shadows, -Cast Rampage rPois Dex+7}
rCorr   .            l - +0 pair of gloves
SInv    .            p - +0 pair of boots
Will    .....        g - amulet of faith
Stlth   +++          e - ring of protection from cold
HPRegen 0.34/turn    h - +4 ring of protection
MPRegen 0.17/turn

%: no spellcasting, rampage, faith
@: heroic
A: sickness immunity, AC +9, negative energy resistance 1, electricity
resistance, torment resistance 1, petrification resistance
a: Renounce Religion, Heroism, Finesse


You were on level 4 of the Lair of Beasts.
You worshipped Okawaru.
Okawaru was greatly pleased with you.
You visited 3 branches of the dungeon, and saw 15 of its levels.
You also visited: Sewer.

You collected 885 gold pieces.
You spent 399 gold pieces at shops.


Innate Abilities, Weirdness & Mutations

You are immune to sickness and miasma.
Your stone body is resilient. (AC +9)
You are immune to poison.
You resist negative energy. (rN+)
You are resistant to electric shocks. (rElec)
You are resistant to unholy torment.
You are immune to petrification.


   Skills:
 + Level 11.4(16.4) Fighting
 - Level 16.0(21.0) Ranged Weapons
 - Level 4.0(9.0) Armour
 - Level 7.0(12.0) Dodging
 - Level 1.1(6.1) Stealth
 - Level 10.0 Invocations


You had 12 spell levels left.
You didn't know any spells.
Your spell library was empty.

Inventory:

Hand Weapons
 Y - a +1 orcbow (weapon)
Armour
 l - a +0 pair of gloves (worn)
 n - a +3 leather armour of fire resistance (worn)
 o - a +2 ring mail of cold resistance
 p - a +0 pair of boots (worn)
 q - the scarf "Qonoewed" (worn) {shadows, -Cast Rampage rPois Dex+7}
   (Okawaru gifted it to you on level 2 of the Lair of Beasts)

   Dex+7:     It affects your dexterity (+7).
   rPois:     It protects you from poison -Cast: It prevents spellcasting.
   Rampage:   It bestows one free step when moving towards enemies.
Jewellery
 e - a ring of protection from cold (left hand)
 g - an amulet of faith (around neck)
 h - a +4 ring of protection (right hand)
 k - a ring of resist corrosion
Scrolls
 b - 5 scrolls of teleportation
 c - 5 scrolls of identify
Potions
 a - 7 potions of enlightenment
 d - 4 potions of curing
 f - a potion of haste
 i - a potion of cancellation
 r - a potion of heal wounds

Dungeon Overview and Level Annotations

Branches:
Dungeon (9/15)             Temple (1/1) D:6            Lair (5/5) D:9
  Swamp (0/4) Lair:3       Spider (0/4) Lair:2        Sewer (visited)
  Slime: Lair:4-5       Orc: D:9-12

Altars:
Ashenzari
Cheibriados
Dithmenos
Elyvilon
Fedhas
Gozag
Hepliaklqana
Kikubaaqudgha
Makhleb
Nemelex Xobeh
Okawaru
Qazlal
Ru
Sif Muna
Trog
Uskayaw
Vehumet
Wu Jian
Xom
Yredelemnul
Zin
The Shining One

Shops:
D:8 [   D:9 *

Annotations:
D:5 2 transporters, qw's ghost, amateur MiHs


Message History

The six-headed hydra closely misses you. x2
The six-headed hydra bites you but does no damage. x2
The six-headed hydra closely misses you.
The dream sheep misses you. The hell rat closely misses you.
You shoot an arrow. The arrow hits the six-headed hydra!
The six-headed hydra is moderately wounded.
The hell rat bites you but does no damage.
The six-headed hydra barely misses you. The six-headed hydra bites you!
The six-headed hydra completely misses you.
The six-headed hydra closely misses you. x2
The six-headed hydra bites you but does no damage.
The dream sheep misses you.
You shoot an arrow. The arrow hits the six-headed hydra!
The six-headed hydra is heavily wounded.
You shoot an arrow. The arrow hits the six-headed hydra!
The six-headed hydra is heavily wounded.
The hell rat closely misses you.
The six-headed hydra bites you but does no damage.
The six-headed hydra completely misses you.
The six-headed hydra bites you but does no damage. x3
The six-headed hydra closely misses you.
The dream sheep misses you.
You shoot an arrow.
The arrow completely misses the six-headed hydra.
The hell rat bites you but does no damage.
The six-headed hydra bites you! The six-headed hydra barely misses you.
The six-headed hydra bites you but does no damage. x3
The six-headed hydra barely misses you.
The dream sheep bites you but does no damage.
You shoot an arrow.
The arrow barely misses the six-headed hydra.
The hell rat completely misses you.
You shoot an arrow.
The arrow barely misses the six-headed hydra.
The six-headed hydra bites you but does no damage.
The six-headed hydra misses you. The six-headed hydra bites you!
The six-headed hydra misses you. The six-headed hydra bites you!
The six-headed hydra bites you. The dream sheep bites you!
The hell rat bites you!
You die...

###....# #. #....### #. ###
#######....# #. #.####.##P......#
#P ..P.#%####....#### ##
.......##....###.#### #### ###
....................######..###..
...............Y............##...
...............D@r.?.............
...............%.................
.................................
.................>..........#.#..
.........|.........#.#.########..
........#.....##..###### ##.
#...#.#.##...P##### #.
###########...### ### #.....# #..


You could see a six-headed hydra, a dream sheep and a hell rat.

Vanquished Creatures
  5 hydras
  A boulder beetle (D:9)
  A pharaoh ant (Lair:2)
  An oklob plant (Lair:3)
  6 elephants
  2 black mambas
  2 gargoyles (D:9)
  8 cane toads
  A torpor snail (Lair:4)
  A rime drake (Lair:1)
  11 komodo dragons
  2 polar bears
  A tarantella (Lair:2)
  A hornet (D:9)
  3 dream sheep (Lair:4)
  A jumping spider (Lair:2)
  Eustachio (D:5)
  Sigmund (D:5)
  6 wyverns
  42 yaks
  2 basilisks
  A redback (Lair:2)
  18 water moccasins
  5 orc warriors
  3 black bears
  An ogre (D:4)
  A sky beast (D:6)
  3 wolves (Lair:2)
  6 centaurs
  3 kobold brigands
  13 bullfrogs
  A gnoll sergeant (D:7)
  A necrophage (D:6)
  2 scorpions
  5 killer bees
  3 howler monkeys
  2 electric eels
  A hound (D:7)
  9 orc priests
  2 jellies
  2 gnoll boudas
  7 iguanas
  A sleepcap (D:5)
  7 orc wizards
  12 hell rats (Lair:4)
  A sickly merfolk siren (Sewer)
  A malarious merfolk avatar (Sewer)
  A hound skeleton (D:6)
  15 gnolls
  12 adders
  3 river rats (Sewer)
  2 ufetubi
  2 worms
  A dart slug (D:4)
  50 orcs
  5 bats
  6 endoplasms
  3 giant cockroaches
  8 hobgoblins
  4 jackals (D:2)
  16 kobolds
  6 quokkas
  6 ball pythons
  7 frilled lizards
  4 goblins
  32 rats
  A butterfly (Lair:3)
394 creatures vanquished.

Notes
Turn   | Place    | Note
-------+----------+-------------------------------------------
     0 | D:1      | qw the Gargoyle Hunter began the quest for the Orb.
     0 | D:1      | Reached XP level 1. HP: 12/12 MP: 1/1
     0 | D:1      | 0 ||| qw: Version: 0.3-a-76-g4403597
     0 | D:1      | 0 ||| qw: Game counter: 560
     0 | D:1      | 0 ||| qw: Melee chars always use a shield: true
     0 | D:1      | 0 ||| qw: God list: Okawaru
     0 | D:1      | 0 ||| qw: Allow faded altars: false
     0 | D:1      | 0 ||| qw: Do Orc after clearing Dungeon:15 true
     0 | D:1      | 0 ||| qw: Do second Lair branch before Depths: true
     0 | D:1      | 0 ||| qw: Lair rune preference: random
     0 | D:1      | 0 ||| qw: Goals: Normal
     0 | D:1      | 0 ||| PLANNING D:1-11
   114 | D:1      | Reached XP level 2. HP: 17/17 MP: 2/2
   688 | D:1      | 688 ||| UPGRADING to +0 ring mail.
   698 | D:1      | 698 ||| DROPPING +0 leather armour.
   699 | D:1      | 699 ||| UPGRADING to ring of protection from cold.
   700 | D:1      | 700 ||| UPGRADING to +4 ring of protection.
   701 | D:1      | 701 ||| READING scroll labelled DARU JANILLO.
   702 | D:1      | 702 ||| READING scroll labelled QETIEH SOUGRE.
   703 | D:1      | 703 ||| READING scroll labelled QAMO OLIEVVAKK.
   704 | D:1      | 704 ||| DROPPING scroll of butterflies.
   742 | D:2      | Reached XP level 3. HP: 21/21 MP: 3/3
   829 | D:2      | Reached skill level 1 in Armour
   942 | D:2      | Reached skill level 5 in Ranged Weapons
  1382 | D:2      | 1382 ||| READING scroll labelled GUNOME ZUO.
  1386 | D:2      | 1386 ||| READING scroll labelled XOUHOI ACHILEGIS.
  1387 | D:2      | 1387 ||| DRINKING 2 metallic cyan potions.
  1422 | D:3      | 1422 ||| PLANNING SEWER
  1432 | D:3      | Reached XP level 4. HP: 27/27 MP: 4/4
  1480 | D:3      | Reached skill level 3 in Fighting
  1529 | D:3      | Identified the +7 quarterstaff of Dried Tears {freeze,
                  | rCorr Str+3 Stlth+}
  1570 | D:3      | Found a glowing drain.
  1581 | D:3      | 1581 ||| Stepping ~*~*~tactically~*~*~ (retreating).
  1641 | Sewer    | Entered a sewer
  1643 | Sewer    | 1643 ||| Stepping ~*~*~tactically~*~*~ (water).
  1664 | Sewer    | Reached XP level 5. HP: 32/32 MP: 5/5
  1743 | Sewer    | Reached skill level 6 in Ranged Weapons
  1915 | Sewer    | 1915 ||| DROPPING +3 sling.
  1984 | Sewer    | 1984 ||| UPGRADING to amulet of faith.
  1989 | Sewer    | 1989 ||| READING scroll labelled TECKUH ICIM.
  1990 | Sewer    | 1990 ||| READING 2 scrolls of identify.
  1990 | Sewer    | 1990 ||| IDENTIFYING green potion
  2041 | D:3      | 2041 ||| PLANNING D:1-11
  2273 | D:3      | Reached XP level 6. HP: 38/38 MP: 6/6
  2709 | D:3      | 2709 ||| READING scroll labelled PIMNER BUFU.
  2748 | D:4      | 2748 ||| STAIRDANCE
  2893 | D:4      | 2893 ||| Stepping ~*~*~tactically~*~*~ (outnumbered).
  2999 | D:4      | Reached skill level 7 in Ranged Weapons
  3004 | D:4      | 3004 ||| DROPPING +1 sling of freezing.
  3023 | D:4      | Reached XP level 7. HP: 43/43 MP: 7/7
  3121 | D:4      | 3121 ||| READING scroll labelled MULORUSI MEANA.
  3146 | D:5      | Entered Level 5 of the Dungeon
  3146 | D:5      | Found Zuwkukeg's Weapon Emporium.
  3152 | D:5      | 3152 ||| RETREATING.
  3154 | D:5      | 3154 ||| RETREATING.
  3187 | D:5      | Identified the +1 chain mail of the Mind {Harm Rampage}
  3225 | D:5      | Found a glowing golden altar of the Shining One.
  3237 | D:5      | Reached skill level 8 in Ranged Weapons
  3329 | D:5      | Found a broken altar of Ashenzari.
  3344 | D:5      | Noticed Sigmund
  3350 | D:5      | Killed Sigmund
  3351 | D:5      | Reached XP level 8. HP: 46/51 MP: 8/8
  3435 | D:5      | Noticed Eustachio
  3438 | D:5      | 3438 ||| RETREATING.
  3474 | D:5      | 3474 ||| Stepping ~*~*~tactically~*~*~ (retreating).
  3475 | D:5      | 3475 ||| Stepping ~*~*~tactically~*~*~ (retreating).
  3476 | D:5      | 3476 ||| Stepping ~*~*~tactically~*~*~ (retreating).
  3477 | D:5      | 3477 ||| Stepping ~*~*~tactically~*~*~ (retreating).
  3485 | D:5      | 3485 ||| RETREATING.
  3500 | D:5      | Killed Eustachio
  3626 | D:5      | Found a transporter.
  3651 | D:5      | Reached skill level 9 in Ranged Weapons
  3706 | D:5      | Reached skill level 6 in Fighting
  3743 | D:5      | Found a bloodstained altar of Trog.
  3811 | D:5      | Found a transporter.
  4051 | D:5      | 4051 ||| UPGRADING to +2 robe of positive energy.
  4061 | D:5      | 4061 ||| DROPPING +0 ring mail.
  4062 | D:5      | 4062 ||| UPGRADING to +3 leather armour of fire resistance.
  4072 | D:5      | 4072 ||| DROPPING +2 robe of positive energy.
  4073 | D:5      | 4073 ||| READING scroll labelled YQO COOSHUOK.
  4214 | D:6      | 4214 ||| FLEEEEING.
  4215 | D:6      | 4215 ||| FLEEEEING.
  4216 | D:6      | 4216 ||| FLEEEEING.
  4217 | D:6      | 4217 ||| FLEEEEING.
  4218 | D:6      | 4218 ||| FLEEEEING.
  4219 | D:6      | 4219 ||| FLEEEEING.
  4220 | D:6      | 4220 ||| FLEEEEING.
  4229 | D:6      | 4229 ||| STAIRDANCE
  4281 | D:5      | 4281 ||| READING scroll labelled IPAUTE ACAO.
  4300 | D:6      | 4300 ||| RETREATING.
  4307 | D:6      | 4307 ||| Stepping ~*~*~tactically~*~*~ (retreating).
  4308 | D:6      | 4308 ||| Stepping ~*~*~tactically~*~*~ (retreating).
  4309 | D:6      | 4309 ||| Stepping ~*~*~tactically~*~*~ (retreating).
  4316 | D:6      | Reached skill level 10 in Ranged Weapons
  4320 | D:6      | Reached XP level 9. HP: 52/56 MP: 9/9
  4343 | D:6      | Found a staircase to the Ecumenical Temple.
  4344 | D:6      | 4344 ||| PLANNING TEMPLE
  4352 | Temple   | Entered the Ecumenical Temple
  4353 | Temple   | 4353 ||| PLANNING OKAWARU WORSHIP
  4368 | Temple   | Became a worshipper of Warmaster Okawaru
  4369 | Temple   | 4369 ||| PLANNING D:1-11
  4440 | D:6      | Found a shimmering blue altar of Sif Muna.
  4527 | D:6      | Reached skill level 3 in Dodging
  4665 | D:6      | 4665 ||| FLEEEEING.
  4669 | D:6      | 4669 ||| FLEEEEING.
  4822 | D:6      | 4822 ||| FLEEEEING.
  4823 | D:6      | 4823 ||| FLEEEEING.
  4824 | D:6      | 4824 ||| FLEEEEING.
  4825 | D:6      | 4825 ||| FLEEEEING.
  4826 | D:6      | 4826 ||| FLEEEEING.
  4827 | D:6      | 4827 ||| FLEEEEING.
  4828 | D:6      | 4828 ||| FLEEEEING.
  4829 | D:6      | 4829 ||| FLEEEEING.
  4830 | D:6      | 4830 ||| FLEEEEING.
  4831 | D:6      | 4831 ||| FLEEEEING.
  4832 | D:6      | 4832 ||| FLEEEEING.
  4833 | D:6      | 4833 ||| FLEEEEING.
  4834 | D:6      | 4834 ||| FLEEEEING.
  4835 | D:6      | 4835 ||| FLEEEEING.
  4836 | D:6      | 4836 ||| FLEEEEING.
  4837 | D:6      | 4837 ||| FLEEEEING.
  4838 | D:6      | 4838 ||| FLEEEEING.
  4839 | D:6      | 4839 ||| FLEEEEING.
  4840 | D:6      | 4840 ||| FLEEEEING.
  4841 | D:6      | 4841 ||| FLEEEEING.
  4842 | D:6      | 4842 ||| FLEEEEING.
  4843 | D:6      | 4843 ||| FLEEEEING.
  4844 | D:6      | 4844 ||| FLEEEEING.
  4845 | D:6      | 4845 ||| FLEEEEING.
  4846 | D:6      | 4846 ||| FLEEEEING.
  4847 | D:6      | 4847 ||| FLEEEEING.
  4848 | D:6      | 4848 ||| FLEEEEING.
  4849 | D:6      | 4849 ||| FLEEEEING.
  4850 | D:6      | 4850 ||| FLEEEEING.
  4851 | D:6      | 4851 ||| FLEEEEING.
  4852 | D:6      | 4852 ||| FLEEEEING.
  4853 | D:6      | 4853 ||| FLEEEEING.
  4854 | D:6      | 4854 ||| FLEEEEING.
  4855 | D:6      | 4855 ||| FLEEEEING.
  4856 | D:6      | 4856 ||| FLEEEEING.
  4857 | D:6      | 4857 ||| FLEEEEING.
  4858 | D:6      | 4858 ||| FLEEEEING.
  4859 | D:6      | 4859 ||| FLEEEEING.
  4860 | D:6      | 4860 ||| FLEEEEING.
  4861 | D:6      | 4861 ||| FLEEEEING.
  4862 | D:6      | 4862 ||| FLEEEEING.
  4864 | D:6      | 4864 ||| FLEEEEING.
  4865 | D:6      | 4865 ||| FLEEEEING.
  4866 | D:6      | 4866 ||| FLEEEEING.
  4867 | D:6      | 4867 ||| FLEEEEING.
  4868 | D:6      | 4868 ||| FLEEEEING.
  4869 | D:6      | 4869 ||| FLEEEEING.
  4870 | D:6      | 4870 ||| FLEEEEING.
  4871 | D:6      | 4871 ||| FLEEEEING.
  4872 | D:6      | 4872 ||| FLEEEEING.
  4873 | D:6      | 4873 ||| FLEEEEING.
  4874 | D:6      | 4874 ||| FLEEEEING.
  4875 | D:6      | 4875 ||| FLEEEEING.
  4876 | D:6      | 4876 ||| FLEEEEING.
  4877 | D:6      | 4877 ||| FLEEEEING.
  4878 | D:6      | 4878 ||| FLEEEEING.
  4879 | D:6      | 4879 ||| FLEEEEING.
  4880 | D:6      | 4880 ||| FLEEEEING.
  4881 | D:6      | 4881 ||| FLEEEEING.
  4882 | D:6      | 4882 ||| FLEEEEING.
  4883 | D:6      | 4883 ||| STAIRDANCE
  4903 | D:5      | Noticed qw's ghost (amateur MiHs)
  4910 | D:5      | 4910 ||| UPGRADING to +0 pair of gloves.
  4915 | D:5      | 4915 ||| READING 2 scrolls labelled YNIANU MURI.
  4916 | D:5      | 4916 ||| DROPPING scroll of vulnerability.
  5029 | D:6      | Found a burning altar of Makhleb.
  5151 | D:7      | 5151 ||| Stepping ~*~*~tactically~*~*~ (outnumbered).
  5184 | D:7      | Reached * piety under Okawaru
  5188 | D:7      | Identified the +0 chain mail of Biacuafi {Harm Rampage
                  | Str-3 Stlth+}
  5251 | D:7      | Reached skill level 1 in Invocations
  5284 | D:7      | 5284 ||| INVOKING Heroism.
  5285 | D:7      | 5285 ||| RETREATING.
  5304 | D:7      | 5304 ||| INVOKING Heroism.
  5310 | D:7      | Reached skill level 11 in Ranged Weapons
  5326 | D:7      | 5326 ||| FLEEEEING.
  5327 | D:7      | 5327 ||| FLEEEEING.
  5328 | D:7      | 5328 ||| FLEEEEING.
  5388 | D:7      | 5388 ||| Stepping ~*~*~tactically~*~*~ (outnumbered).
  5389 | D:7      | 5389 ||| Stepping ~*~*~tactically~*~*~ (outnumbered).
  5391 | D:7      | 5391 ||| INVOKING Heroism.
  5392 | D:7      | 5392 ||| Stepping ~*~*~tactically~*~*~ (outnumbered).
  5395 | D:7      | 5395 ||| Stepping ~*~*~tactically~*~*~ (outnumbered).
  5398 | D:7      | 5398 ||| Stepping ~*~*~tactically~*~*~ (outnumbered).
  5399 | D:7      | 5399 ||| RETREATING.
  5403 | D:7      | 5403 ||| Stepping ~*~*~tactically~*~*~ (outnumbered).
  5404 | D:7      | 5404 ||| Stepping ~*~*~tactically~*~*~ (outnumbered).
  5405 | D:7      | 5405 ||| Stepping ~*~*~tactically~*~*~ (retreating).
  5409 | D:7      | 5409 ||| Stepping ~*~*~tactically~*~*~ (retreating).
  5414 | D:7      | 5414 ||| INVOKING Heroism.
  5418 | D:7      | 5418 ||| Stepping ~*~*~tactically~*~*~ (outnumbered).
  5419 | D:7      | 5419 ||| Stepping ~*~*~tactically~*~*~ (retreating).
  5421 | D:7      | 5421 ||| Stepping ~*~*~tactically~*~*~ (retreating).
  5422 | D:7      | 5422 ||| Stepping ~*~*~tactically~*~*~ (retreating).
  5423 | D:7      | 5423 ||| Stepping ~*~*~tactically~*~*~ (retreating).
  5426 | D:7      | 5426 ||| Stepping ~*~*~tactically~*~*~ (outnumbered).
  5441 | D:7      | HP: 11/57 [gnoll/+0 spear[a gnoll sergeant] (5)]
  5442 | D:7      | 5442 ||| READING 4 scrolls of teleportation.
  5645 | D:7      | 5645 ||| FLEEEEING.
  5646 | D:7      | 5646 ||| FLEEEEING.
  5647 | D:7      | 5647 ||| FLEEEEING.
  5648 | D:7      | 5648 ||| FLEEEEING.
  5649 | D:7      | 5649 ||| FLEEEEING.
  5650 | D:7      | 5650 ||| FLEEEEING.
  5651 | D:7      | 5651 ||| FLEEEEING.
  5652 | D:7      | 5652 ||| FLEEEEING.
  5653 | D:7      | 5653 ||| FLEEEEING.
  5654 | D:7      | 5654 ||| FLEEEEING.
  5658 | D:7      | 5658 ||| FLEEEEING.
  5659 | D:7      | 5659 ||| STAIRDANCE
  5761 | D:6      | 5761 ||| DRINKING 2 ruby potions.
  5803 | D:6      | 5803 ||| READING 3 scrolls of identify.
  5803 | D:6      | 5803 ||| IDENTIFYING yellow potion
  5804 | D:6      | 5804 ||| READING 2 scrolls of identify.
  5804 | D:6      | 5804 ||| IDENTIFYING pink potion
  5805 | D:6      | 5805 ||| DROPPING potion of brilliance.
  5806 | D:6      | 5806 ||| DROPPING potion of berserk rage.
  5807 | D:6      | 5807 ||| DROPPING potion of lignification.
  5811 | D:7      | 5811 ||| STAIRDANCE
  5824 | D:7      | 5824 ||| STAIRDANCE
  6065 | D:8      | Found an opulent altar of Gozag.
  6069 | D:8      | 6069 ||| RETREATING.
  6075 | D:8      | Reached skill level 3 in Invocations
  6076 | D:8      | 6076 ||| Stepping ~*~*~tactically~*~*~ (retreating).
  6077 | D:8      | 6077 ||| Stepping ~*~*~tactically~*~*~ (retreating).
  6078 | D:8      | 6078 ||| Stepping ~*~*~tactically~*~*~ (retreating).
  6085 | D:8      | 6085 ||| STAIRDANCE
  6128 | D:7      | 6128 ||| READING scroll labelled CAORREQ POENI.
  6166 | D:8      | Found an ancient bone altar of Kikubaaqudgha.
  6177 | D:8      | Reached XP level 10. HP: 64/64 MP: 12/12
  6181 | D:8      | 6181 ||| RETREATING.
  6184 | D:8      | 6184 ||| Stepping ~*~*~tactically~*~*~ (retreating).
  6186 | D:8      | 6186 ||| Stepping ~*~*~tactically~*~*~ (retreating).
  6194 | D:8      | 6194 ||| FLEEEEING.
  6196 | D:8      | 6196 ||| FLEEEEING.
  6197 | D:8      | 6197 ||| FLEEEEING.
  6198 | D:8      | 6198 ||| FLEEEEING.
  6199 | D:8      | 6199 ||| FLEEEEING.
  6200 | D:8      | 6200 ||| FLEEEEING.
  6201 | D:8      | 6201 ||| FLEEEEING.
  6208 | D:8      | Reached ** piety under Okawaru
  6352 | D:8      | Found Wutoptar's Antique Armour Boutique.
  6359 | D:8      | 6359 ||| BUYING glowing leather armour (135 gold).
  6359 | D:8      | Bought a glowing leather armour for 135 gold pieces
  6359 | D:8      | 6359 ||| BUYING runed scarf (216 gold).
  6359 | D:8      | Bought a runed scarf for 216 gold pieces
  6411 | D:8      | Reached skill level 12 in Ranged Weapons
  6411 | D:8      | 6411 ||| FLEEEEING.
  6412 | D:8      | 6412 ||| FLEEEEING.
  6413 | D:8      | 6413 ||| FLEEEEING.
  6414 | D:8      | 6414 ||| FLEEEEING.
  6415 | D:8      | 6415 ||| FLEEEEING.
  6416 | D:8      | 6416 ||| FLEEEEING.
  6417 | D:8      | 6417 ||| FLEEEEING.
  6418 | D:8      | 6418 ||| FLEEEEING.
  6419 | D:8      | 6419 ||| FLEEEEING.
  6420 | D:8      | 6420 ||| FLEEEEING.
  6421 | D:8      | 6421 ||| FLEEEEING.
  6422 | D:8      | 6422 ||| FLEEEEING.
  6423 | D:8      | 6423 ||| FLEEEEING.
  6424 | D:8      | 6424 ||| FLEEEEING.
  6425 | D:8      | 6425 ||| FLEEEEING.
  6426 | D:8      | 6426 ||| FLEEEEING.
  6427 | D:8      | 6427 ||| FLEEEEING.
  6428 | D:8      | 6428 ||| FLEEEEING.
  6429 | D:8      | 6429 ||| FLEEEEING.
  6430 | D:8      | 6430 ||| FLEEEEING.
  6431 | D:8      | 6431 ||| FLEEEEING.
  6472 | D:8      | Found a hazy altar of Hepliaklqana.
  6523 | D:8      | Found a stormy altar of Qazlal.
  6637 | D:8      | 6637 ||| RETREATING.
  6647 | D:8      | 6647 ||| Stepping ~*~*~tactically~*~*~ (retreating).
  6656 | D:8      | Reached *** piety under Okawaru
  6866 | D:8      | Found a radiant altar of Vehumet.
  6900 | D:8      | 6900 ||| DROPPING +0 leather armour of poison resistance.
  6901 | D:8      | 6901 ||| UPGRADING to scarf of repulsion.
  6906 | D:8      | 6906 ||| UPGRADING to +0 pair of boots.
  6911 | D:8      | 6911 ||| READING scroll labelled ZOXOJI UZEA.
  6953 | D:8      | 6953 ||| READING 2 scrolls of identify.
  6953 | D:8      | 6953 ||| IDENTIFYING inky potion
  6998 | D:9      | 6998 ||| RETREATING.
  7019 | D:9      | 7019 ||| INVOKING Heroism.
  7024 | D:9      | HP: 16/64 [water moccasin (5)]
  7025 | D:9      | 7025 ||| READING 4 scrolls of teleportation.
  7025 | D:9      | HP: 6/64 [yak (10)]
  7328 | D:9      | Noticed a gargoyle
  7329 | D:9      | 7329 ||| Stepping ~*~*~tactically~*~*~ (outnumbered).
  7331 | D:9      | 7331 ||| Stepping ~*~*~tactically~*~*~ (outnumbered).
  7332 | D:9      | 7332 ||| Stepping ~*~*~tactically~*~*~ (outnumbered).
  7333 | D:9      | 7333 ||| Stepping ~*~*~tactically~*~*~ (outnumbered).
  7334 | D:9      | 7334 ||| Stepping ~*~*~tactically~*~*~ (outnumbered).
  7340 | D:9      | 7340 ||| INVOKING Heroism.
  7359 | D:9      | Killed a gargoyle
  7360 | D:9      | Reached skill level 13 in Ranged Weapons
  7526 | D:9      | 7526 ||| SWAPPING to +0 orcbow.
  7527 | D:9      | 7527 ||| DROPPING +1 shortbow of draining.
  7540 | D:9      | 7540 ||| RETREATING.
  7547 | D:9      | 7547 ||| INVOKING Heroism.
  7548 | D:9      | 7548 ||| STAIRDANCE
  7595 | D:9      | 7595 ||| Stepping ~*~*~tactically~*~*~ (outnumbered).
  7597 | D:9      | Noticed a boulder beetle
  7598 | D:9      | 7598 ||| INVOKING Heroism.
  7609 | D:9      | Noticed a gargoyle
  7621 | D:9      | Reached **** piety under Okawaru
  7622 | D:9      | Reached skill level 9 in Fighting
  7626 | D:9      | 7626 ||| INVOKING Heroism.
  7632 | D:9      | HP: 15/66 [boulder beetle (12)]
  7633 | D:9      | 7633 ||| READING 3 scrolls of teleportation.
  7644 | D:9      | HP: 15/66 [orc warrior/+0 flail (3)]
  7645 | D:9      | 7645 ||| READING 2 scrolls of teleportation.
  7720 | D:9      | 7720 ||| FLEEEEING.
  7723 | D:9      | 7723 ||| FLEEEEING.
  7724 | D:9      | 7724 ||| STAIRDANCE
  7824 | D:9      | Reached skill level 3 in Armour
  7849 | D:9      | Found a staircase to the Lair.
  7855 | D:9      | 7855 ||| INVOKING Heroism.
  7859 | D:9      | 7859 ||| Stepping ~*~*~tactically~*~*~ (outnumbered).
  7861 | D:9      | 7861 ||| RETREATING.
  7865 | D:9      | 7865 ||| Stepping ~*~*~tactically~*~*~ (outnumbered).
  7868 | D:9      | Paralysed by an orc warrior for 3 turns
  7876 | D:9      | Reached XP level 11. HP: 70/71 MP: 14/14
  7879 | D:9      | 7879 ||| Stepping ~*~*~tactically~*~*~ (outnumbered).
  7904 | D:9      | 7904 ||| INVOKING Heroism.
  7935 | D:9      | 7935 ||| FLEEEEING.
  7939 | D:9      | 7939 ||| STAIRDANCE
  7987 | D:9      | 7987 ||| INVOKING Heroism.
  7990 | D:9      | 7990 ||| STAIRDANCE
  8061 | D:9      | 8061 ||| STAIRDANCE
  8112 | D:9      | 8112 ||| RETREATING.
  8116 | D:9      | 8116 ||| INVOKING Heroism.
  8151 | D:9      | 8151 ||| INVOKING Heroism.
  8167 | D:9      | Killed a boulder beetle
  8181 | D:9      | 8181 ||| INVOKING Heroism.
  8228 | D:9      | 8228 ||| FLEEEEING.
  8236 | D:9      | 8236 ||| STAIRDANCE
  8304 | D:9      | Reached skill level 14 in Ranged Weapons
  8321 | D:9      | 8321 ||| Stepping ~*~*~tactically~*~*~ (retreating).
  8322 | D:9      | 8322 ||| Stepping ~*~*~tactically~*~*~ (retreating).
  8325 | D:9      | 8325 ||| RETREATING.
  8330 | D:9      | 8330 ||| Stepping ~*~*~tactically~*~*~ (retreating).
  8331 | D:9      | 8331 ||| Stepping ~*~*~tactically~*~*~ (retreating).
  8338 | D:9      | 8338 ||| INVOKING Heroism.
  8436 | D:9      | Found Zaxeweon's General Store.
  8445 | D:9      | Received a gift from Okawaru
  8512 | D:9      | 8512 ||| BUYING potion of curing (48 gold).
  8512 | D:9      | Bought a potion of curing for 48 gold pieces
  8512 | D:9      | 8512 ||| SHOPLISTING scroll of enchant weapon (120 gold,
                  | have 46).
  8781 | D:9      | Found a sacrificial altar of Ru.
  8994 | D:9      | 8994 ||| PLANNING LAIR
  9016 | Lair:1   | Entered Level 1 of the Lair of Beasts
  9109 | Lair:1   | Reached skill level 6 in Invocations
  9129 | Lair:1   | 9129 ||| RETREATING.
  9142 | Lair:1   | 9142 ||| Stepping ~*~*~tactically~*~*~ (retreating).
  9143 | Lair:1   | 9143 ||| Stepping ~*~*~tactically~*~*~ (retreating).
  9159 | Lair:1   | 9159 ||| INVOKING Heroism.
  9373 | Lair:1   | 9373 ||| RETREATING.
  9376 | Lair:1   | 9376 ||| Stepping ~*~*~tactically~*~*~ (retreating).
  9379 | Lair:1   | 9379 ||| Stepping ~*~*~tactically~*~*~ (retreating).
  9388 | Lair:1   | 9388 ||| INVOKING Heroism.
  9498 | Lair:1   | 9498 ||| INVOKING Heroism.
  9515 | Lair:1   | Reached ***** piety under Okawaru
  9607 | Lair:1   | 9607 ||| INVOKING Heroism.
  9637 | Lair:1   | 9637 ||| RETREATING.
  9663 | Lair:1   | Reached XP level 12. HP: 70/77 MP: 17/17
  9669 | Lair:1   | 9669 ||| INVOKING Heroism.
  9885 | Lair:1   | 9885 ||| INVOKING Heroism.
 10000 | Lair:1   | 10000 ||| INVOKING Heroism.
 10363 | Lair:1   | 10363 ||| READING 3 scrolls labelled FUTYFFUULE.
 10364 | Lair:1   | 10364 ||| READING 5 scrolls of identify.
 10364 | Lair:1   | 10364 ||| IDENTIFYING smoky green potion
 10365 | Lair:1   | 10365 ||| DROPPING 2 scrolls of immolation.
 10432 | Lair:2   | 10432 ||| INVOKING Heroism.
 10492 | Lair:2   | Noticed a seven-headed hydra
 10493 | Lair:2   | 10493 ||| INVOKING Heroism.
 10506 | Lair:2   | Killed a seven-headed hydra
 10676 | Lair:2   | Found a hole to the Spider Nest.
 10677 | Lair:2   | 10677 ||| INVOKING Heroism.
 10685 | Lair:2   | Reached skill level 15 in Ranged Weapons
 10690 | Lair:2   | 10690 ||| DRINKING 5 potions of curing.
 10690 | Lair:2   | 10690 ||| (to cure confusion)
 10697 | Lair:2   | Reached skill level 9 in Invocations
 10711 | Lair:2   | 10711 ||| INVOKING Heroism.
 10903 | Lair:2   | 10903 ||| RETREATING.
 10908 | Lair:2   | 10908 ||| Stepping ~*~*~tactically~*~*~ (retreating).
 10916 | Lair:2   | 10916 ||| Stepping ~*~*~tactically~*~*~ (retreating).
 10917 | Lair:2   | 10917 ||| Stepping ~*~*~tactically~*~*~ (retreating).
 10918 | Lair:2   | 10918 ||| Stepping ~*~*~tactically~*~*~ (retreating).
 10919 | Lair:2   | 10919 ||| Stepping ~*~*~tactically~*~*~ (retreating).
 10920 | Lair:2   | 10920 ||| Stepping ~*~*~tactically~*~*~ (retreating).
 10921 | Lair:2   | 10921 ||| Stepping ~*~*~tactically~*~*~ (retreating).
 10922 | Lair:2   | 10922 ||| Stepping ~*~*~tactically~*~*~ (retreating).
 10954 | Lair:2   | 10954 ||| INVOKING Heroism.
 11121 | Lair:2   | 11121 ||| INVOKING Heroism.
 11131 | Lair:2   | Identified the scarf "Qonoewed" {shadows, -Cast Rampage
                  | rPois Dex+7} (Okawaru gifted it to you on level 2 of the
                  | Lair of Beasts)
 11131 | Lair:2   | Received a gift from Okawaru
 11445 | Lair:2   | 11445 ||| UPGRADING to scarf "Qonoewed" {shadows, -Cast
                  | Rampage rPois Dex+7}.
 11448 | Lair:2   | 11448 ||| UPGRADING to scarf "Qonoewed" {shadows, -Cast
                  | Rampage rPois Dex+7}.
 11449 | Lair:2   | 11449 ||| UPGRADING to scarf "Qonoewed" {shadows, -Cast
                  | Rampage rPois Dex+7}.
 11454 | Lair:2   | 11454 ||| UPGRADING to scarf of repulsion.
 11483 | Lair:2   | 11483 ||| UPGRADING to scarf "Qonoewed" {shadows, -Cast
                  | Rampage rPois Dex+7}.
 11539 | Lair:2   | 11539 ||| UPGRADING to scarf "Qonoewed" {shadows, -Cast
                  | Rampage rPois Dex+7}.
 11549 | Lair:2   | 11549 ||| DROPPING scarf of repulsion.
 11571 | Lair:2   | 11571 ||| READING scroll labelled HAKKUSEDGHU.
 11610 | Lair:3   | 11610 ||| STAIRDANCE
 11724 | Lair:3   | 11724 ||| INVOKING Heroism.
 11725 | Lair:3   | 11725 ||| RETREATING.
 11816 | Lair:3   | Reached skill level 6 in Dodging
 11857 | Lair:3   | 11857 ||| INVOKING Heroism.
 11858 | Lair:3   | 11858 ||| INVOKING Finesse.
 12042 | Lair:3   | 12042 ||| RETREATING.
 12078 | Lair:3   | 12078 ||| Stepping ~*~*~tactically~*~*~ (retreating).
 12079 | Lair:3   | 12079 ||| Stepping ~*~*~tactically~*~*~ (retreating).
 12080 | Lair:3   | 12080 ||| Stepping ~*~*~tactically~*~*~ (retreating).
 12081 | Lair:3   | 12081 ||| Stepping ~*~*~tactically~*~*~ (retreating).
 12082 | Lair:3   | 12082 ||| Stepping ~*~*~tactically~*~*~ (retreating).
 12083 | Lair:3   | 12083 ||| Stepping ~*~*~tactically~*~*~ (retreating).
 12084 | Lair:3   | 12084 ||| Stepping ~*~*~tactically~*~*~ (retreating).
 12103 | Lair:3   | 12103 ||| INVOKING Heroism.
 12270 | Lair:3   | 12270 ||| INVOKING Heroism.
 12349 | Lair:3   | 12349 ||| INVOKING Heroism.
 12358 | Lair:3   | Reached XP level 13. HP: 82/82 MP: 18/20
 12474 | Lair:3   | 12474 ||| INVOKING Heroism.
 12538 | Lair:3   | 12538 ||| INVOKING Heroism.
 12543 | Lair:3   | Reached skill level 16 in Ranged Weapons
 12592 | Lair:3   | 12592 ||| INVOKING Heroism.
 12686 | Lair:3   | Found a staircase to the Swamp.
 12901 | Lair:4   | 12901 ||| RETREATING.
 12903 | Lair:4   | 12903 ||| Stepping ~*~*~tactically~*~*~ (retreating).
 12904 | Lair:4   | 12904 ||| Stepping ~*~*~tactically~*~*~ (retreating).
 12905 | Lair:4   | 12905 ||| Stepping ~*~*~tactically~*~*~ (retreating).
 12906 | Lair:4   | 12906 ||| Stepping ~*~*~tactically~*~*~ (retreating).
 12907 | Lair:4   | 12907 ||| Stepping ~*~*~tactically~*~*~ (retreating).
 12908 | Lair:4   | 12908 ||| Stepping ~*~*~tactically~*~*~ (retreating).
 12909 | Lair:4   | 12909 ||| Stepping ~*~*~tactically~*~*~ (retreating).
 12910 | Lair:4   | 12910 ||| Stepping ~*~*~tactically~*~*~ (retreating).
 12911 | Lair:4   | 12911 ||| Stepping ~*~*~tactically~*~*~ (retreating).
 12912 | Lair:4   | 12912 ||| INVOKING Heroism.
 13015 | Lair:4   | 13015 ||| READING scroll of enchant weapon.
 13015 | Lair:4   | 13015 ||| ENCHANTING +0 orcbow.
 13027 | Lair:4   | 13027 ||| INVOKING Heroism.
 13081 | Lair:4   | 13081 ||| INVOKING Heroism.
 13177 | Lair:4   | 13177 ||| INVOKING Heroism.
 13561 | Lair:4   | 13561 ||| INVOKING Heroism.
 13633 | Lair:4   | 13633 ||| DRINKING 3 fuming yellow potions.
 13634 | Lair:4   | 13634 ||| DROPPING 2 potions of degeneration.
 13667 | Lair:5   | Entered Level 5 of the Lair of Beasts
 13668 | Lair:5   | 13668 ||| INVOKING Heroism.
 13673 | Lair:5   | 13673 ||| STAIRDANCE
 13692 | Lair:5   | 13692 ||| STAIRDANCE
 13694 | Lair:4   | 13694 ||| Stepping ~*~*~tactically~*~*~ (retreating).
 13695 | Lair:4   | 13695 ||| Stepping ~*~*~tactically~*~*~ (retreating).
 13696 | Lair:4   | 13696 ||| Stepping ~*~*~tactically~*~*~ (retreating).
 13697 | Lair:4   | 13697 ||| Stepping ~*~*~tactically~*~*~ (retreating).
 13698 | Lair:4   | 13698 ||| Stepping ~*~*~tactically~*~*~ (retreating).
 13699 | Lair:4   | 13699 ||| Stepping ~*~*~tactically~*~*~ (retreating).
 13700 | Lair:4   | 13700 ||| Stepping ~*~*~tactically~*~*~ (retreating).
 13701 | Lair:4   | 13701 ||| Stepping ~*~*~tactically~*~*~ (retreating).
 13702 | Lair:4   | 13702 ||| Stepping ~*~*~tactically~*~*~ (retreating).
 13703 | Lair:4   | 13703 ||| Stepping ~*~*~tactically~*~*~ (retreating).
 13704 | Lair:4   | 13704 ||| Stepping ~*~*~tactically~*~*~ (retreating).
 13710 | Lair:4   | 13710 ||| INVOKING Heroism.
 13808 | Lair:5   | 13808 ||| STAIRDANCE
 13810 | Lair:4   | 13810 ||| INVOKING Heroism.
 13818 | Lair:4   | HP: 14/84 [six-headed hydra (12)]
 13818 | Lair:4   | HP: 3/84 [dream sheep[a torpor snail] (7)]
 13818 | Lair:4   | Mangled by a hell rat

Levels and vault maps discovered:
D:1:      scummos_arrival_hexagon, layout_loops_ring,
          wad_floor_pattern_untrapped, minmay_hedge_maze
D:2:      layout_loops_ring
D:3:      layout_basic, gup_sewer_entry_glass, kennysheep_another_room,
          minmay_close_crescents
D:4:      layout_rooms
D:5:      layout_basic, cheibrodos_ashenzari_chains,
          mainiacjoe_overflow_catwalk, trog_three_pillars_becter,
          gammafunk_ghost_gnarly_gnolls, serial_shops, shop, uniq_sigmund,
          uniq_eustachio
D:6:      layout_loops_cross, led_sif_book, makhleb_blood_cavern_becter,
          minmay_temple_entry_junction
D:7:      layout_rooms
D:8:      layout_loops_ring, minitemple, mainiacjoe_overflow_tiny_flanked,
          mainiacjoe_overflow_alcove_1, nicolae_qazlal_general_emergency,
          serial_shops, shop
D:9:      layout_stronghold, mainiacjoe_overflow_alcove_2,
          minmay_lair_entry_grove, serial_shops, nicolae_lakefront_shop,
          minmay_chambers_of_fives
Temple:   jpeg_temple_clearing
Lair:1:   layout_gridlike
Lair:2:   layout_gridlike, nicolae_spider_entry_lesser_pyramids,
          lemuel_fruit_fields, serial_bayou_shore_b
Lair:3:   layout_hall_layers, palyth_hydra_swamp_entry, lemuel_fruit_fields,
          lemuel_fruit_fields
Lair:4:   layout_hall_layers, grunt_megastairs_2
Lair:5:   due_jungle_book, layout_gridlike, nicolae_slime_entry_field_trip,
          portal_ice_cave_entry_ice_simulacra, minivault_11

Skill      XL: |  1  2  3  4  5  6  7  8  9 10 11 12 13 |
---------------+----------------------------------------+-----
Armour         | 1 2 3 4 |  4.0
Ranged Weapons | 5 6 7 8 10 11 13 14 15 16 | 16.0
Fighting       | 3 4 5 6 8 9 10 11 | 11.4
Dodging        | 2 3 4 6 7 |  7.0
Invocations    | 3 4 7 10 | 10.0
Stealth        | |  1.1

Action                     |  1- 3 |  4- 6 |  7- 9 | 10-12 | 13-15 || total
---------------------------+-------+-------+-------+-------+-------++-------
   Fire: Shortbow          |   102 |   243 |   432 |   163 |       ||   940
         Orcbow            |       |       |       |   868 |   189 ||  1057
 Invoke: Heroism           |       |       |     4 |    30 |    11 ||    45
         Finesse           |       |       |       |     1 |       ||     1
    Use: Scroll            |     5 |     3 |     8 |     8 |     1 ||    25
         Potion            |     1 |       |     1 |     1 |     1 ||     4
 Armour: Leather armour    |     5 |       |   105 |   342 |   135 ||   587
         Ring mail         |    19 |    83 |   123 |       |       ||   225
  Dodge: Dodged            |    24 |    70 |   234 |   370 |   177 ||   875
         Repelled          |       |       |       |     3 |       ||     3

Table legend:
 A = Non-vault XP
 B = Vault XP
 C = Vault XP percentage of total XP
 D = Non-vault monster count
 E = Vault monster count
 F = Vault count percentage of total count
                 A         B        C        D         E       F
            +---------+---------+-------+---------+---------+-------
      Total |   32073 |    9713 |  23.2 |     312 |      81 |  20.6
            +---------+---------+-------+---------+---------+-------
        D:1 |      33 |       0 |   0.0 |      21 |       0 |   0.0
        D:2 |      45 |       0 |   0.0 |      12 |       0 |   0.0
        D:3 |     158 |      35 |  18.1 |      19 |       7 |  26.9
        D:4 |     248 |       0 |   0.0 |      24 |       0 |   0.0
        D:5 |     833 |     428 |  33.9 |      20 |       2 |   9.1
        D:6 |     956 |     177 |  15.6 |      23 |       4 |  14.8
        D:7 |    1313 |       0 |   0.0 |      43 |       0 |   0.0
        D:8 |    2684 |       0 |   0.0 |      25 |       0 |   0.0
        D:9 |    2643 |    3917 |  59.7 |      28 |      18 |  39.1
     Lair:1 |    6154 |       0 |   0.0 |      27 |       0 |   0.0
     Lair:2 |    4697 |    1443 |  23.5 |      19 |       4 |  17.4
     Lair:3 |    6911 |    2492 |  26.5 |      23 |       4 |  14.8
     Lair:4 |    5398 |    1070 |  16.5 |      28 |       2 |   6.7
      Sewer |       0 |     151 | 100.0 |       0 |      40 | 100.0
            +---------+---------+-------+---------+---------+-------
